 Dungeon Crawl Stone Soup version 0.23.1 (webtiles) character file.

Game seed: 2942011572187984869

187 vatarom the Distorting Demonspawn (level 5, -4/42 HPs)
             Began as a Demonspawn Abyssal Knight on Mar 14, 2019.
             Was a Believer of Lugonu.
             Slain by an ogre
             ... wielding a +0 giant club
              (20 damage)
             ... on level 3 of the Dungeon.
             The game lasted 00:09:07 (3771 turns).

vatarom the Distorting Demonspawn (DsAK)            Turns: 3771, Time: 00:09:08

Health: -4/42      AC:  9    Str: 13    XL:     5   Next: 39%
Magic:  8/8        EV: 10    Int: 14    God:    Lugonu [**....]
Gold:   200        SH:  0    Dex: 12    Spells: 4/4 levels left

rFire    . . .     SeeInvis .   q - +0 flail
rCold    + . .     Gourm    .   (no shield)
rNeg     . . .     Faith    .   f - +0 scale mail
rPois    .         Spirit   .   (no helmet)
rElec    .         Reflect  .   k - +1 cloak
rCorr    .         Harm     .   (no gloves)
MR       .....                  n - +0 pair of boots
Stlth    ..........             p - amulet of magic regeneration
HPRegen  0.14/turn              c - ring of protection from cold
MPRegen  0.36/turn              (no ring)

@: no status effects
A: rot immunity, sturdy frame 1
a: Depart the Abyss, Bend Space, Renounce Religion


You were on level 3 of the Dungeon.
You worshipped Lugonu.
Lugonu was pleased with you.
You were not hungry.

You visited 1 branch of the dungeon, and saw 4 of its levels.
You visited the Abyss 1 time.

You collected 200 gold pieces.

Inventory:

Hand Weapons
 q - a +0 flail (weapon)
Armour
 f - a +0 scale mail (worn)
 g - a +0 buckler
 k - a +1 cloak (worn)
 n - a +0 pair of boots (worn)
Jewellery
 c - a ring of protection from cold (left hand)
 p - an amulet of magic regeneration (around neck)
Scrolls
 b - a scroll of magic mapping
 d - 2 scrolls of enchant weapon
 e - 2 scrolls of teleportation {@r3}
 h - 3 scrolls of amnesia
Comestibles
 a - a chunk of flesh
 i - 6 rations {@e1}


   Skills:
 + Level 3.8 Fighting
 * Level 3.3 Maces & Flails
 - Level 2.5 Armour
 - Level 1.3 Dodging
 + Level 4.1 Invocations


You had 4 spell levels left.
You didn't know any spells.
Your spell library was empty.

Dungeon Overview and Level Annotations

Branches:
Dungeon (4/15)
 Temple: D:4-7

Altars:
Ashenzari
Nemelex Xobeh
Ru
Uskayaw
Wu Jian

Annotations:
D:2 2 transporters, 1 runed translucent door, Crazy Yiuf


Innate Abilities, Weirdness & Mutations

You are immune to rotting.
Your movements are slightly less encumbered by armour. (ER -2)


Message History

You aren't carrying any items that you can evoke.
Okay, then.
You aren't carrying any potions.
Unknown command.
The ogre barely misses you.
You hear the brisk hiss of a distant avalanche of sand.
Found a stone staircase leading up.
There is a stone staircase leading up here.
The ogre hits you with a +0 giant club!
You climb upwards.
There is a stone staircase leading down here.
Unknown command.
You hit the ogre.
The ogre is moderately wounded.
The ogre barely misses you.
You barely miss the ogre.
The ogre is moderately wounded.
The ogre hits you with a +0 giant club!!
The ogre hits you with a +0 giant club!!
You die...

##...####..# #.# .....#
#..## #.######
###..####...# #......#
.#....#.....# #####)##
.#....#.##..###########.#
.#....#.###.............#
.#...##...)..############
.#.#.######.>..O.#
.#.#.#......####@#
.....#.###.#####.#
.#.#.#.# #.......#
.#.#รท#.###########
.#.#.......# .#####..)..#
........#### #######.#
#.....#


You could see an ogre.

Vanquished Creatures
  Terence (D:3)
  A worker ant (D:4)
  3 gnolls (D:3)
  3 adders (D:2)
  An ooze (D:1)
  4 worms
  A dart slug (D:2)
  3 leopard geckos
  2 orcs
  A giant cockroach (D:2)
  8 goblins
  8 hobgoblins
  A quokka (D:4)
  A ball python (D:3)
  9 bats
  4 frilled lizards
  4 kobolds
  9 rats
64 creatures vanquished.

Notes
Turn   | Place    | Note
-------+----------+-------------------------------------------
     0 | Abyss:1  | vatarom the Demonspawn Abyssal Knight began the quest for
                  | the Orb.
     0 | Abyss:1  | Reached XP level 1. HP: 18/18 MP: 2/2
    53 | Abyss:1  | Noticed an ancient zyme
    61 | D:1      | Escaped the Abyss
    77 | D:1      | Reached skill level 1 in Dodging
   444 | D:1      | Gained mutation: You are immune to rotting. [demonic
                  | ancestry]
   444 | D:1      | Reached XP level 2. HP: 24/24 MP: 4/4
   527 | D:1      | Reached * piety under Lugonu
  1043 | D:1      | Reached XP level 3. HP: 29/29 MP: 5/5
  1184 | D:2      | Reached skill level 3 in Invocations
  1347 | D:2      | Found a transporter.
  1347 | D:2      | Noticed a hippogriff
  1347 | D:2      | Noticed an orc warrior
  1351 | D:2      | Found a transporter.
  1351 | D:2      | Noticed an ice beast
  1451 | D:2      | Found a sparkling altar of Nemelex Xobeh.
  1546 | D:2      | Found a sacrificial altar of Ru.
  1600 | D:2      | Found a hide-covered altar of Uskayaw.
  1674 | D:2      | Found a shattered altar of Ashenzari.
  1687 | D:2      | Gained mutation: Your movements are slightly less
                  | encumbered by armour. (ER -2) [demonic ancestry]
  1687 | D:2      | Reached XP level 4. HP: 34/36 MP: 6/6
  1769 | D:2      | Found a runed translucent door.
  1770 | D:2      | Noticed Crazy Yiuf
  1959 | D:2      | Found a faded altar of an unknown god.
  2303 | D:3      | Noticed Terence
  2323 | D:3      | Killed Terence
  2773 | D:3      | HP: 1/37 [poisoned by a gnoll]
  3090 | D:3      | Reached XP level 5. HP: 31/42 MP: 7/7
  3177 | D:3      | Reached ** piety under Lugonu
  3551 | D:4      | Reached skill level 4 in Invocations
  3654 | D:4      | Found an ornate altar of the Wu Jian Council.
  3701 | D:4      | Noticed an ogre
  3771 | D:3      | Slain by an ogre

Skill      XL: |  1  2  3  4  5 |
---------------+----------------+-----
Dodging        | 1 |  1.3
Maces & Flails | 2 3 |  3.3
Invocations    | 3 4 |  4.1
Armour         | 2 |  2.5
Fighting       | |  3.8

Action                   |  1- 3 |  4- 6 || total
-------------------------+-------+-------++-------
Melee: Mace              |    94 |     7 ||   101
       Flail             |       |   110 ||   110
Invok: Depart the Abyss  |     1 |       ||     1
  Use: Scroll            |     4 |     3 ||     7
       Potion            |       |     6 ||     6
 Stab: Sleeping          |     1 |       ||     1
  Eat: Chunk             |     2 |     4 ||     6
       Ration            |       |     1 ||     1
Armor: Leather armour    |    18 |       ||    18
       Scale mail        |    17 |    41 ||    58
       Skin              |       |     8 ||     8
Dodge: Dodged            |    57 |    46 ||   103
